 Dungeon Crawl Stone Soup version 0.31-a0-187-gba352fbbf7 (webtiles) character file.

Game seed: 3367829713859573915

476 omnomnOMINOUS the Grave Robber (level 7, -21/47 HPs)
             Began as an Octopode Wanderer on June 22, 2023.
             Was an Initiate of Gozag.
             Demolished by an ogre
             ... wielding a +0 giant club
              (28 damage)
             ... on level 5 of the Dungeon.
             The game lasted 00:11:51 (3967 turns).

omnomnOMINOUS the Grave Robber (Octopode Wanderer)  Turns: 3967, Time: 00:11:52

Health: -21/47     AC:  2    Str:  8    XL:     7   Next: 10%
Magic:  9/9        EV: 14    Int: 16    God:    Gozag
Gold:   352        SH:  0    Dex: 15    Spells: 2/9 levels left

rFire   . . .        a - +3 spear (flame)
rCold   . . .        (no shield)
rNeg    . . .        f - +1 hat
rPois   .            (no amulet)
rElec   .            (no ring)
rCorr   .            (no ring)
SInv    .            (no ring)
Will    .....        (no ring)
Stlth   +++          (no ring)
HPRegen 0.27/turn    (no ring)
MPRegen 0.11/turn    (no ring)
                     (no ring)

%: no passive effects
@: no status effects
A: almost no armour, amphibious, 8 rings, camouflage 1, gelatinous body 1,
(nimble swimmer 1), tentacles
a: Renounce Religion, Potion Petition, Call Merchant, Bribe Branch


You were on level 5 of the Dungeon.
You worshipped Gozag.
Gozag was aware of your devotion.
You visited 1 branch of the dungeon, and saw 5 of its levels.

You collected 389 gold pieces.
You paid 37 gold pieces to Gozag.

Inventory:

Hand Weapons
 a - a +3 spear of flaming (weapon)
 b - a +0 sling
 t - a +2 dagger of holy wrath
 y - a +3 whip
Missiles
 s - 3 poisoned darts
Armour
 f - a +1 hat (worn)
 j - the +3 kite shield of Sutoist {rElec Regen+ Int-2 Dex-2}
   (You found it on level 5 of the Dungeon)

   Int:       It affects your intelligence (-2).
   Dex:       It affects your dexterity (-2).
   rElec:     It insulates you from electricity.
   Regen:     It increases your rate of health regeneration.
Magical Staves
 m - a staff of poison
 o - a staff of cold
Wands
 x - a wand of paralysis (9)
Scrolls
 d - 2 scrolls of teleportation
 h - a scroll of enchant armour {unknown}
 i - a scroll of torment {unknown}
 k - 2 scrolls of fog {unknown}
 n - 2 scrolls of identify {unknown}
 p - a scroll of revelation {unknown}
 r - a scroll of immolation {unknown}
 u - 2 scrolls of fear {unknown}
 w - a scroll of silence {unknown}
Potions
 c - a potion of invisibility {unknown}
 e - 2 potions of heal wounds {unknown}
 g - 2 potions of curing {unknown}
 l - a potion of enlightenment {unknown}
 q - a potion of brilliance {unknown}
 v - 2 potions of haste {unknown}


   Skills:
 + Level 3.8 Fighting
 - Level 1.5 Maces & Flails
 * Level 0.6 Polearms
 - Level 3.0 Ranged Weapons
 + Level 3.5 Dodging
 - Level 1.3 Stealth
 - Level 1.5 Spellcasting
 - Level 3.1 Conjurations
 - Level 4.0 Necromancy
 + Level 1.1 Ice Magic
 + Level 0.8 Air Magic


You had 2 spell levels left.
You knew the following spells:

 Your Spells              Type           Power      Damage    Failure   Level
a - Kiss of Death         Conj/Necr      48%        2d9       4%          1
b - Freezing Cloud        Conj/Ice/Air   3%         6-21      97%         5
c - Apportation           Tloc           2%         N/A       22%         1

Your spell library contained the following spells:

 Spells                   Type           Power      Damage    Failure   Level
 Necrotise                Necr           56%        1d6       4%          1
 Sting                    Tmut/Pois      4%         1d3       22%         1
 Summon Small Mammal      Summ           4%         N/A       22%         1
 Frozen Ramparts          Ice            8%         1d2       38%         3
 Dispel Undead            Necr           14%        3d10      38%         4
 Vhi's Electric Charge    Tloc/Air       4%         N/A       50%         3
 Ignite Poison            Fire/Tmut/Pois 1%         N/A       54%         3
 Portal Projectile        Hex/Tloc       2%         N/A       54%         3
 Tukima's Dance           Hex            1%         N/A       54%         3
 Anguish                  Hex/Necr       3%         N/A       67%         4
 Ice Form                 Ice/Tmut       2%         N/A       86%         4
 Summon Ice Beast         Ice/Summ       2%         N/A       86%         4
 Olgreb's Toxic Radiance  Pois           1%         N/A       91%         4
 Arcjolt                  Conj/Air       3%         1d13      95%         5
 Blade Hands              Tmut           0%         N/A       99%         5
 Metabolic Englaciation   Hex/Ice        1%         N/A       99%         5
 Plasma Beam              Fire/Air       1%         2x1d11    100%        6


Dungeon Overview and Level Annotations

Branches:
Dungeon (5/15)
 Temple: D:4-7

Altars:
Gozag
Xom

Annotations:
D:3 2 transporters, rinse's ghost, amateur OpTm


Innate Abilities, Weirdness & Mutations

You cannot wear most types of armour.
You are amphibious.
You can wear up to eight rings at the same time.
Your skin changes colour to match your surroundings (Stealth+).
Your rubbery body absorbs attacks. (AC +1, EV +1)
((You are camouflaged when in or above water. (Stealth+)))
You have tentacles for arms and can constrict up to eight enemies at once.


Message History

You now have 352 gold pieces (gained 3).
You feel sick.
Unknown command.
You feel sick.
You start resting.
You feel sick. x3
You are no longer poisoned.
HP restored.
c - a glowing inky potion You see here the +3 kite shield of Sutoist {rElec Regen+ Int-2 Dex-2}.
j - the +3 kite shield of Sutoist {rElec Regen+ Int-2 Dex-2} An ogre comes into view.
It is wielding a +0 giant club.
You see here a book of Cantrips.
You see here a book of Cantrips.
You pick up a book of Cantrips and begin reading...
You add the spells Necrotise, Summon Small Mammal and Apportation to your library.
Memorise Apportation, consuming 1 spell level and leaving 2?
You start memorising the spell.
You continue memorising.
You finish memorising.
Spell assigned to 'c'.
The ogre shouts!
You reach to attack!
You hit the ogre. You burn the ogre.
The ogre is lightly wounded.
You hit the ogre. You burn the ogre.
The ogre is moderately wounded.
The ogre hits you with a +0 giant club!
You barely miss the ogre.
The ogre is moderately wounded.
You closely miss the ogre.
The ogre is moderately wounded.
The ogre hits you with a +0 giant club!!
Ouch! That really hurt!
* * * LOW HITPOINT WARNING * * *
You are too injured to fight recklessly!
You are too injured to fight recklessly!
Unknown command.
You barely miss the ogre. Your squeeze misses the ogre.
The ogre is moderately wounded.
The ogre hits you with a +0 giant club!!
Ouch! That really hurt!
You die...
Your body crumbles into a pile of gold.

... . .......# ... ........#.####
......# ... ............. #....#
..# #........#..## #....# # ##
.#.#............####....##. .##
#.##..........###.......... ..###
#..............<...........
....###..........O.......###.....
#...............@..##.######.....
#.............#.##### #...)..
##.......##...#### ##......
##........##..## ##.......
#.............### #........
....####.........#### ##........
[..## #............####........#
...# #.................>......#
..## ##........................#


You could see an ogre.

Vanquished Creatures
  An ogre (D:4)
  A scorpion (D:5)
  An iguana (D:4)
  Terence (D:2)
  Natasha (thrice) (D:3)
  4 gnolls
  5 adders
  An ufetubus (D:4)
  2 worms
  3 dart slugs
  6 orcs
  8 ball pythons
  9 endoplasms
  5 giant cockroaches
  16 hobgoblins
  2 jackals (D:4)
  6 kobolds
  5 quokkas
  7 bats
  4 frilled lizards
  8 goblins
  2 rats (D:2)
100 creatures vanquished.

Notes
Turn   | Place    | Note
-------+----------+-------------------------------------------
     0 | D:1      | omnomnOMINOUS the Octopode Wanderer began the quest for the
                  | Orb.
     0 | D:1      | omnomnOMINOUS set off with the following items: a +0 sling,
                  | a +0 hat, a potion of berserk rage; and the following spell
                  | memorised: Kiss of Death; and the following spells
                  | available to memorise: Dispel Undead, Anguish.
     0 | D:1      | Reached XP level 1. HP: 13/13 MP: 2/2
    91 | D:1      | Reached XP level 2. HP: 5/12 MP: 0/3
   134 | D:1      | Reached skill level 1 in Dodging
   134 | D:1      | Reached skill level 1 in Conjurations
   299 | D:1      | Reached XP level 3. HP: 13/20 MP: 4/4
  1140 | D:2      | Noticed Terence
  1150 | D:2      | Killed Terence
  1151 | D:2      | Reached XP level 4. HP: 13/28 MP: 3/5
  1628 | D:2      | Reached XP level 5. HP: 35/35 MP: 6/6
  1953 | D:3      | Noticed Natasha
  1960 | D:3      | Killed Natasha
  1982 | D:3      | Noticed Natasha
  1991 | D:3      | Killed Natasha
  2171 | D:3      | Reached XP level 6. HP: 37/42 MP: 7/7
  2364 | D:3      | Found an opulent altar of Gozag.
  2367 | D:3      | Noticed Natasha
  2373 | D:3      | HP: 3/63 [quokka (2)]
  2374 | D:3      | Killed Natasha
  2533 | D:3      | Became a worshipper of Gozag Ym Sagoz the Greedy
  2669 | D:3      | Found a transporter.
  2733 | D:3      | Found a transporter.
  2736 | D:3      | Noticed rinse's ghost (amateur OpTm)
  2737 | D:3      | Identified the +4 dire flail of Hyesadgh {flame, rF- rC+++
                  | Int-2 Dex+6}
  2807 | D:3      | Found a shimmering altar of Xom.
  3375 | D:4      | Got the Parchment of the Panacea and the Snowflakes
  3394 | D:4      | Learned a level 5 spell: Freezing Cloud
  3520 | D:4      | Reached skill level 1 in Maces & Flails
  3654 | D:5      | Entered Level 5 of the Dungeon
  3815 | D:5      | Reached skill level 1 in Ice Magic
  3815 | D:5      | Reached XP level 7. HP: 35/47 MP: 9/9
  3944 | D:5      | Identified the +3 kite shield of Sutoist {rElec Regen+
                  | Int-2 Dex-2}
  3959 | D:5      | Learned a level 1 spell: Apportation
  3967 | D:5      | Demolished by an ogre

Illustrated notes

Levels and vault maps discovered:
D:1:      sevenhm_arrival_forest_fort_small_4, layout_loops_ring
D:2:      layout_loops_ring, mrwooster_statue_mirror, uniq_terence
D:3:      layout_loops_ring, xom_teletrap_fun,
          mainiacjoe_overflow_cross_hatched, gammafunk_ghost_smash,
          nicolae_the_louvre, uniq_natasha
D:4:      layout_cave_pools
D:5:      layout_layer_cave

Skill      XL: |  1  2  3  4  5  6 |
---------------+-------------------+-----
Dodging        | 1 2 3 |  3.5
Conjurations   | 1 2 3 |  3.1
Fighting       | 2 3 |  3.8
Maces & Flails | 1 |  1.5
Ice Magic      | 1 |  1.1
Polearms       | |  0.6
Ranged Weapons | |  3.0
Stealth        | |  1.3
Spellcasting   | |  1.5
Necromancy     | |  4.0
Air Magic      | |  0.8

Action                     |  1- 3 |  4- 6 |  7- 9 || total
---------------------------+-------+-------+-------++-------
  Melee: Spear             |   102 |    20 |     5 ||   127
         Constrict         |    24 |    46 |       ||    70
         Tentacles         |    15 |    34 |       ||    49
         Punch             |     2 |     4 |       ||     6
         Quarterstaff      |       |    77 |       ||    77
         Whip              |       |    59 |       ||    59
   Cast: Kiss of Death     |     3 |       |       ||     3
    Use: Scroll            |     1 |       |       ||     1
         Potion            |       |     1 |       ||     1
   Stab: Sleeping          |     6 |    18 |       ||    24
         Distracted        |     1 |       |       ||     1
 Armour: Skin              |     4 |    19 |       ||    23
  Dodge: Dodged            |    42 |   106 |       ||   148

Table legend: (Time is in decaauts)
 A = Elapsed time spent in this place.
 B = Non-inter-level travel time spent in this place.
 C = Inter-level travel time spent in this place.
 D = Time resting spent in this place.
 E = Time spent auto-exploring this place.
 F = Levels seen in this place.
 G = Mean time per level.
                   A        B        C        D        E       F      G
               +--------+--------+--------+--------+--------+-----+--------+
         Total |   4017 |   3869 |    148 |    412 |   2656 |   5 |  803.4 |
       Dungeon |   4017 |   3869 |    148 |    412 |   2656 |   5 |  803.4 |
               +--------+--------+--------+--------+--------+-----+--------+

Top non-repeatable levels by time:
     D:3: 1232 daAuts
     D:1: 902 daAuts
     D:2: 823 daAuts
     D:4: 745 daAuts
     D:5: 313 daAuts
